 Dungeon Crawl Stone Soup version 0.20.0-15-g7f486f2 (webtiles) character file.

1129 vishdafish the Shield-Bearer (level 8, -2/73 HPs)
             Began as a Gargoyle Fighter on June 21, 2017.
             Was an Initiate of Okawaru.
             Slain by a slave (6 damage)
             ... led by Pikel
             ... on level 6 of the Dungeon.
             The game lasted 00:10:32 (5341 turns).

vishdafish the Shield-Bearer (Gargoyle Fighter)     Turns: 5341, Time: 00:10:32

Health: -2/73      AC: 24    Str: 24    XL:     8   Next: 35%
Magic:  8/8        EV:  2    Int: 13    God:    Okawaru [......]
Gold:   247        SH: 10    Dex: 10    Spells: 7/7 levels left

rFire    + . .     SeeInvis .   s - +0 whip of Ibug {slash, +Blink rElec Str+2}
rCold    + . .     Gourm    .   c - +0 shield
rNeg     + + +     Faith    .   (armour currently unavailable)
rPois    ∞         Spirit   .   (helmet currently unavailable)
rElec    +         Reflect  .   (cloak currently unavailable)
rCorr    +         Harm     .   (gloves currently unavailable)
MR       .....     NoTele   +   (boots currently unavailable)
Stlth    +.........             (no amulet)
Regen    0.3/turn               (no ring)
MPRegen  0.2/turn               (no ring)

@: brilliant, tree-form, resistant
A: negative energy resistance 1, petrification resistance, rot immunity, AC +5
a: Renounce Religion, Evoke Blink


You were on level 6 of the Dungeon.
You worshipped Okawaru.
Okawaru was noncommittal.
You were not hungry.
You were a tree.
You visited 1 branch of the dungeon, and saw 6 of its levels.

You collected 247 gold pieces.

Inventory:

Hand Weapons
 a - a +0 flail
 s - the +0 whip of Ibug (weapon) {slash, +Blink rElec Str+2}
   (You found it on level 4 of the Dungeon)

   It inflicts extra damage upon your enemies.
   It affects your strength (+2).
   It insulates you from electricity.
   It lets you blink.
Armour
 b - a +0 scale mail (melded)
 c - a +0 shield (worn)
 d - a +0 helmet (melded)
Jewellery
 w - an uncursed ring of flight {unknown}
Scrolls
 g - 6 scrolls of identify {unknown}
 h - 3 scrolls of enchant armour {unknown}
 j - 3 scrolls of fear {unknown}
 k - a scroll of magic mapping {unknown}
 l - 3 scrolls of teleportation {unknown}
 o - a scroll of recharging {unknown}
 p - a scroll of fog {unknown}
 r - 2 scrolls of enchant weapon {unknown}
 x - a scroll of random uselessness {unknown}
 y - a scroll of holy word {unknown}
Potions
 e - a potion of cancellation
 m - a potion of resistance
Comestibles
 n - 3 royal jellies
 v - 3 fruits
 z - a bread ration


   Skills:
 + Level 5.0 Fighting
 + Level 6.1 Maces & Flails
 + Level 5.2 Armour
 + Level 1.7 Dodging
 - Level 0.2 Stealth
 + Level 6.5 Shields


You had 7 spell levels left.
You didn't know any spells.

Dungeon Overview and Level Annotations

Branches:
Dungeon (6/15)
 Temple: D:4-7

Altars:
Makhleb
Nemelex Xobeh
Okawaru
Uskayaw
Vehumet

Annotations:
D:6 Pikel


Innate Abilities, Weirdness & Mutations

You are resistant to torment.
((Your stone body is resilient. (AC +5)))
You are immune to poison.
You resist negative energy. (rN+)
((You are resistant to electric shocks. (rElec)))
((You can survive without breathing.))
You are immune to petrification.
You are immune to rotting.


Message History

Pikel is moderately wounded.
You block Pikel's attack.
The slave hits you but does no damage. x2
You block the wight's attack. The slave hits you but does no damage.
You barely miss Pikel.
Pikel is moderately wounded.
You block the slave's attack. x2; Pikel hits you but does no damage.
The slave hits you but does no damage. The wight hits you but does no damage.
You hit Pikel.
Pikel is moderately wounded.
The slave hits you but does no damage. x2; You block the slave's attack.
You block Pikel's attack. The slave hits you but does no damage.
You hit Pikel.
Pikel is heavily wounded.
You block the wight's attack.
The slave hits you but does no damage. x2
Pikel hits you but does no damage.
The slave hits you but does no damage. x2
You closely miss Pikel.
Pikel is heavily wounded.
The slave hits you but does no damage. You block the wight's attack.
The slave hits you.
You die...

.........# .p.....+
.........# ......#
.........# ......
>.###....# ....
#'###....#######..#
....#....##...##..##
....#.....#.....z..#
....#.....#....Kpp.#
....'.....#....p♣z.#
.####..####....##p##
'####..####....##.##.
..#.....#...............#
..#.....#...............#
..'.....#.(.............#
..#.....#...............+
###.##.##.##...###...####
.##.##.##.###### ...#


You could see Pikel, 4 slaves and 2 wights.

Vanquished Creatures
  Menkaure (D:4)
  A phantom (D:4)
  An ogre (D:4)
  A scorpion (D:4)
  5 wights (D:6)
  A crimson imp (D:5)
  A centaur zombie (D:4)
  A centaur skeleton (D:5)
  4 orc priests
  4 worker ants
  A hound zombie (D:4)
  2 hound skeletons (D:4)
  A worker ant zombie (D:4)
  Robin (D:2)
  8 adders
  An ooze (D:3)
  2 adder skeletons (D:4)
  4 adder zombies (D:4)
  2 worms
  2 dart slugs
  8 leopard geckos
  5 orcs
  2 giant cockroaches
  9 hobgoblins
  3 jackals (D:4)
  5 quokkas
  5 bats
  5 frilled lizards
  A giant cockroach zombie (D:4)
  12 goblins
  9 kobolds
  2 leopard gecko skeletons (D:4)
  2 leopard gecko zombies (D:4)
  A quokka zombie (D:4)
  9 rats
122 creatures vanquished.

Notes
Turn   | Place    | Note
-------+----------+-------------------------------------------
     0 | D:1      | vishdafish the Gargoyle Fighter began the quest for the Orb.
     0 | D:1      | Reached XP level 1. HP: 14/14 MP: 1/1
    91 | D:1      | Reached XP level 2. HP: 17/19 MP: 2/2
   764 | D:2      | Reached XP level 3. HP: 23/23 MP: 3/3
  1071 | D:2      | Noticed Robin
  1092 | D:2      | Killed Robin
  1096 | D:2      | Reached XP level 4. HP: 14/29 MP: 4/4
  1654 | D:3      | Reached XP level 5. HP: 11/33 MP: 5/5
  2558 | D:4      | Noticed Menkaure
  2565 | D:4      | Killed Menkaure
  2565 | D:4      | Reached skill level 1 in Dodging
  2565 | D:4      | Reached skill level 5 in Shields
  2565 | D:4      | Reached XP level 6. HP: 19/38 MP: 6/6
  3154 | D:4      | Reached XP level 7. HP: 13/43 MP: 7/7
  3744 | D:4      | Reached skill level 5 in Maces & Flails
  3888 | D:4      | Got a polished whip
  3889 | D:4      | Identified the +0 whip of Ibug {slash, +Blink rElec Str+2} (You found it on level 4 of the Dungeon)
  4074 | D:5      | Entered Level 5 of the Dungeon
  4174 | D:5      | Found a hide-covered altar of Uskayaw.
  4624 | D:5      | Found an iron altar of Okawaru.
  4624 | D:5      | Found a sparkling altar of Nemelex Xobeh.
  4637 | D:5      | Reached XP level 8. HP: 43/48 MP: 8/8
  4643 | D:5      | Became a worshipper of Warmaster Okawaru
  4694 | D:5      | Got a heavily runed shield
  4705 | D:5      | Identified the +1 shield "Ycseud" {rF+ MR+ rCorr Str-5} (You found it on level 5 of the Dungeon)
  4861 | D:5      | Found a radiant altar of Vehumet.
  4863 | D:5      | Found a burning altar of Makhleb.
  5070 | D:6      | Reached skill level 5 in Armour
  5299 | D:6      | Noticed Pikel
  5317 | D:6      | Reached skill level 5 in Fighting
  5333 | D:6      | HP: 3/73 [wight/hand axe (2)]
  5341 | D:6      | Slain by a slave

Skill      XL: |  1  2  3  4  5  6  7  8 |
---------------+-------------------------+-----
Shields        | 4 5 6 |  6.5
Maces & Flails | 3 4 5 6 |  6.1
Fighting       | 4 5 |  5.0
Dodging        | 1 |  1.7
Armour         | 4 5 |  5.2
Stealth        | |  0.2

Action                   |  1- 3 |  4- 6 |  7- 9 || total
-------------------------+-------+-------+-------++-------
Melee: Flail             |   134 |   230 |   111 ||   475
       Whip              |       |       |   125 ||   125
  Use: Potion            |     3 |     1 |     6 ||    10
  Eat: Bread ration      |       |     2 |     1 ||     3
       Meat ration       |       |       |     1 ||     1
Armor: Scale mail        |   103 |   160 |   122 ||   385
       Skin              |       |       |    29 ||    29
Dodge: Dodged            |    60 |    83 |    94 ||   237
Block: Shield            |    90 |   184 |   164 ||   438
